 Dungeon Crawl Stone Soup version 0.30-a0-800-g7c544603b3 (webtiles) character file.

Game seed: 8322566812080167027

24436 Lobster4 the Grappler (level 12, -12/118 HPs)
             Began as a Troll Gladiator on Feb 22, 2023.
             Was a High Priest of Uskayaw.
             Mangled by an ettin
             ... wielding a +0 dire flail
              (18 damage)
             ... on level 11 of the Dungeon.
             The game lasted 00:35:35 (13121 turns).

Lobster4 the Grappler (Troll Gladiator)            Turns: 13121, Time: 00:35:36

Health: -12/118    AC: 11    Str: 25    XL:     12   Next: 80%
Magic:  15/15      EV: 12    Int:  8    God:    Uskayaw [*****.]
Gold:   1140       SH:  5    Dex: 11    Spells: 11/11 levels left

rFire   . . .      SeeInvis .      - Unarmed
rCold   . . .      Faith    .    (no shield)
rNeg    . . .      Spirit   .    A - +0 acid dragon scales
rPois   +          Reflect  +    b - +0 hat
rElec   .          Harm     .    h - +1 cloak
rCorr   +          Rampage  .    (gloves unavailable)
Will    +....                    (boots unavailable)
Stlth   +                        p - amulet of reflection
HPRegen 1.19/turn                o - ring of poison resistance
MPRegen 0.14/turn                G - ring of willpower

@: mighty
A: large, unfitting armour, claws 3, regeneration 1, shaggy fur 1, tough skin 1
a: Renounce Religion, Stomp, Line Pass, Grand Finale


You were on level 11 of the Dungeon.
You worshipped Uskayaw.
Uskayaw was noncommittal.
You visited 1 branch of the dungeon, and saw 12 of its levels.

You collected 1140 gold pieces.

Inventory:

Hand Weapons
 e - a +0 longbow of flaming
 f - a +0 sling
 z - a +1 mace of holy wrath
 B - a +1 shortbow of freezing
 L - a +4 dire flail
 N - a +0 giant spiked club
 Q - a +3 dire flail of protection
 S - the +5 glaive "Avil Ija" {freeze, rC++ Str+3}
   (You found it on level 11 of the Dungeon)

   Str:       It affects your strength (+3).
   rC:        It greatly protects you from cold.
Missiles
 c - 4 throwing nets
 d - 70 large rocks
 i - 37 poisoned darts
 y - 2 boomerangs (quivered)
 D - 4 javelins
 M - 4 silver boomerangs
Armour
 a - a +0 robe
 b - a +0 hat (worn)
 h - a +1 cloak (worn)
 s - a +2 hat
 A - +0 acid dragon scales (worn)
 F - a scarf of repulsion
 T - a +0 kite shield
 U - a +0 troll leather armour
Jewellery
 o - a ring of poison resistance (left claw)
 p - an amulet of reflection (around neck)
 r - a ring of fire
 G - a ring of willpower (right claw)
Wands
 n - a wand of quicksilver (12)
 E - a wand of flame (2)
 I - a wand of paralysis (11)
Scrolls
 g - a scroll of teleportation
 k - 3 scrolls of fog
 l - 7 scrolls of identify
 t - a scroll of enchant weapon
 w - 3 scrolls of magic mapping
 x - a scroll of vulnerability {unknown}
 C - a scroll of amnesia
 H - a scroll of poison {unknown}
 O - a scroll of blinking {unknown}
 P - 2 scrolls of enchant armour
 V - a scroll of immolation
Potions
 j - 4 potions of heal wounds
 m - a potion of lignification {unknown}
 q - 2 potions of resistance
 u - 2 potions of haste
 J - a potion of brilliance
 K - a potion of cancellation {unknown}
Miscellaneous
 R - a tin of tremorstones (2/2)


   Skills:
 + Level 7.6 Fighting
 + Level 7.8 Maces & Flails
 - Level 7.0 Throwing
 - Level 6.0 Armour
 + Level 8.0 Dodging
 + Level 9.4 Unarmed Combat
 + Level 6.3 Invocations
 - Level 3.0 Evocations


You had 11 spell levels left.
You didn't know any spells.
Your spell library contained the following spells:

 Spells                   Type           Power      Damage    Failure   Level
 Foxfire                  Conj/Fire      0%         2x1d4     45%         1
 Shock                    Conj/Air       0%         1d3       45%         1
 Ensorcelled Hibernation  Hex/Ice        0%         N/A       61%         2
 Passwall                 Tmut/Erth      0%         N/A       61%         2
 Sublimation of Blood     Necr           0%         N/A       61%         2
 Dazzling Flash           Conj/Hex       0%         N/A       83%         3
 Spider Form              Tmut/Pois      0%         N/A       83%         3
 Swiftness                Air            0%         N/A       83%         3
 Airstrike                Air            0%         2d(0-16)  99%         4
 Anguish                  Hex/Necr       0%         N/A       99%         4
 Animate Armour           Summ/Erth      0%         N/A       99%         4
 Petrify                  Tmut/Erth      0%         N/A       99%         4
 Agony                    Necr           0%         N/A       100%        5
 Blade Hands              Tmut           0%         N/A       100%        5
 Fireball                 Conj/Fire      0%         3d3       100%        5
 Irradiate                Conj/Tmut      0%         3d11      100%        5
 Silence                  Hex/Air        0%         N/A       100%        5
 Iron Shot                Conj/Erth      0%         9d1       100%        6
 Starburst                Conj/Fire      0%         6d3       100%        6


Dungeon Overview and Level Annotations

Branches:
Dungeon (12/15)            Temple (0/1) D:5            Lair (0/5) D:11
    Orc: D:9-12

Altars:
Nemelex Xobeh
Sif Muna
Uskayaw
The Shining One

Annotations:
D:3 3 runed translucent doors, tarna41's ghost, amateur DECj
D:9 3 runed translucent doors, exclusions: downstairs and 1 more exclusion, Smoke131's ghost, novice DrFE


Innate Abilities, Weirdness & Mutations

You are too large for most types of armour.
You have claws for hands.
Your natural rate of healing is unusually fast.
You are covered in fur. (AC +1)
You have tough skin. (AC +1)


Message History

The helpless orc warrior fails to defend itself.
You scratch the orc warrior but do no damage.
Throw: 5 javelins
Press: ? - help, Shift-Dir - straight line, f - orc warrior
Aim: an orc warrior, wielding a +0 long sword and wearing a +0 plate armour (paralysed, 98% to hit)
You throw a javelin.
The javelin pierces through the orc warrior!
The orc warrior is severely wounded.
The javelin pierces through the ettin.
The ettin is lightly wounded.
The orc warrior is no longer paralysed.
You feel very mighty all of a sudden. The ettin closely misses you.
You block the ettin's attack.
You barely miss the ettin.
The ettin is lightly wounded.
You completely miss the ettin.
The ettin is lightly wounded.
The ettin hits you with a +0 dire flail! x2
You mangle the ettin!!
The ettin is heavily wounded.
The ettin closely misses you.
The ettin hits you with a +0 dire flail!!
Uskayaw will force your foes to share their pain.
Uskayaw links your audience in an emotional bond!
You claw the ettin!
You kill the orc warrior!
The ettin is severely wounded.
The ettin barely misses you.
The ettin hits you with a +0 dire flail!!!
* * * LOW HITPOINT WARNING * * *
You claw the ettin!
The ettin is almost dead.
You block the ettin's attack.
The ettin hits you with a +0 dire flail!
* * * LOW HITPOINT WARNING * * *
You can now merge with and destroy a victim.
You claw the ettin!
The ettin is almost dead.
The ettin hits you with a +0 dire flail!!
You die...

.♣~P~~~~♣#.#.###.#####.# #.....
~~P~~P~~♣#.#.....# #.### #.....
PP≈~≈~~~♣..#####.# #.#.# #.....
≈≈≈~~~~P~♣..####.#####.#.# #.....
≈~~~~~~~~~♣..........#.#.# #.....
P~~~♣~.~~.~...##.###.#.#.# #...P#
.........~.............#.###...##
..............##.###.###..###.##
.........~~~~..#@# #.# #..# #.#
.~.~~~~~P~♣~♣#†#C###.###..###.#
~~P~P~~P~♣♣#.#.>)..........####
♣♣~~♣♣~~♣~##.###########...##
.♣♣♣♣♣♣♣♣###.# #....# .#.♣♣♣♣♣
#.# #....## .#.#.#.# #.# #.....#
.#.#.#.# #.# #...###
.#.#.#.#####.# #...#


You could see an ettin (pain bonded).

Vanquished Creatures
  Gastronok (D:10)
  A stone giant (D:11)
  An ettin (D:11)
  Erolcha (D:10)
  A hydra (D:11)
  2 two-headed ogres
  A death yak (D:10)
  15 cyclopes
  2 manticores
  An ugly thing (D:11)
  Joseph (D:10)
  Maggie (D:6)
  A kobold demonologist (D:11)
  A troll (D:11)
  2 polar bears (D:10)
  A hornet (D:8)
  2 shadows
  2 wraiths
  2 vampires
  13 yaks
  2 wyverns
  3 steam dragons
  4 vampire mosquitoes (D:11)
  4 wargs
  4 water moccasins
  4 ice beasts (D:10)
  9 orc warriors
  A sky beast (D:6)
  5 wolves
  6 ogres
  7 centaurs
  A kobold brigand (D:9)
  A phantom (D:5)
  2 gnoll sergeants (D:11)
  A bullfrog (D:7)
  5 scorpions
  12 wights
  13 killer bees
  2 electric eels (D:11)
  A howler monkey (D:7)
  7 orc priests
  5 hounds
  2 jellies (D:6)
  Terence (D:2)
  4 iguanas
  8 orc wizards
  9 gnolls
  7 adders
  3 white imps
  4 ufetubi
  2 worms
  A dart slug (D:1)
  47 orcs
  8 bats
  6 endoplasms
  4 giant cockroaches
  11 hobgoblins
  11 jackals
  15 kobolds
  2 quokkas
  6 ball pythons
  2 frilled lizards
  4 goblins
  6 rats
314 creatures vanquished.

Vanquished Creatures (others)
  An unseen horror (D:11)
  A kobold (D:4)
  21 plants
23 creatures vanquished.

Grand Total: 337 creatures vanquished

Notes
Turn   | Place    | Note
-------+----------+-------------------------------------------
     0 | D:1      | Lobster4 the Troll Gladiator began the quest for the Orb.
     0 | D:1      | Reached XP level 1. HP: 19/19 MP: 0/0
   107 | D:1      | Reached XP level 2. HP: 24/28 MP: 1/1
   693 | D:1      | Reached XP level 3. HP: 34/35 MP: 2/2
   990 | D:2      | Reached skill level 1 in Armour
  1154 | D:2      | Reached XP level 4. HP: 42/42 MP: 3/3
  1679 | D:3      | Noticed Terence
  1698 | D:2      | Killed Terence
  1788 | D:2      | Reached XP level 5. HP: 23/50 MP: 4/4
  2124 | D:3      | Found a runed translucent gate.
  2125 | D:3      | Found a runed translucent gate.
  2126 | D:3      | Found a runed translucent gate.
  2201 | D:3      | Noticed tarna41's ghost (amateur DECj)
  3124 | D:4      | Reached skill level 1 in Maces & Flails
  3758 | D:5      | Entered Level 5 of the Dungeon
  3758 | D:5      | Noticed an ogre
  3793 | D:5      | Reached XP level 6. HP: 59/59 MP: 5/5
  3891 | D:5      | Reached skill level 4 in Unarmed Combat
  4064 | D:5      | Found a hide-covered altar of Uskayaw.
  4109 | D:5      | Became a worshipper of Uskayaw the Reveller
  4125 | D:5      | Reached * piety under Uskayaw
  4142 | D:5      | Reached ** piety under Uskayaw
  4143 | D:5      | Reached XP level 7. HP: 66/66 MP: 6/6
  4176 | D:5      | Reached *** piety under Uskayaw
  4231 | D:5      | Found a staircase to the Ecumenical Temple.
  4315 | D:5      | Reached skill level 1 in Invocations
  4704 | D:5      | Reached skill level 1 in Evocations
  4730 | D:6      | Reached XP level 8. HP: 70/75 MP: 8/8
  4733 | D:6      | Noticed Maggie
  4733 | D:6      | Reached **** piety under Uskayaw
  4737 | D:6      | Reached ***** piety under Uskayaw
  4745 | D:6      | Killed Maggie
  4746 | D:6      | Reached skill level 5 in Unarmed Combat
  5423 | D:7      | Reached XP level 9. HP: 84/84 MP: 10/10
  6697 | D:8      | Reached skill level 5 in Dodging
  6804 | D:8      | Paralysed by a wight for 2 turns
  6809 | D:8      | Reached skill level 5 in Throwing
  6831 | D:8      | Reached skill level 6 in Unarmed Combat
  7337 | D:9      | Found a sparkling altar of Nemelex Xobeh.
  7498 | D:9      | Reached XP level 10. HP: 94/94 MP: 11/11
  7740 | D:9      | Reached skill level 5 in Fighting
  7756 | D:9      | Reached ****** piety under Uskayaw
  7858 | D:9      | Noticed a two-headed ogre
  7873 | D:9      | Killed a two-headed ogre
  7874 | D:9      | Reached skill level 5 in Maces & Flails
  8037 | D:9      | Found a shimmering blue altar of Sif Muna.
  8090 | D:9      | Found a runed translucent gate.
  8090 | D:9      | Found a runed translucent gate.
  8090 | D:9      | Found a runed translucent gate.
  8092 | D:9      | Noticed a ten-headed hydra
  8093 | D:9      | Noticed Smoke131's ghost (novice DrFE)
  8093 | D:9      | Noticed an 11-headed hydra
  8432 | D:9      | Reached skill level 5 in Armour
  8601 | D:10     | Entered Level 10 of the Dungeon
  8708 | D:10     | Reached skill level 7 in Unarmed Combat
  8892 | D:10     | Noticed Gastronok
  8920 | D:10     | Killed Gastronok
  8921 | D:10     | Reached XP level 11. HP: 64/105 MP: 12/12
  8964 | D:10     | Noticed Joseph
  8988 | D:10     | Killed Joseph
  9307 | D:10     | Found a glowing golden altar of the Shining One.
  9466 | D:10     | Noticed a death yak
  9475 | D:10     | Killed a death yak
  9719 | D:10     | Noticed Erolcha
  9731 | D:10     | Killed Erolcha
 10506 | D:11     | Found a staircase to the Lair.
 10817 | D:10     | Reached skill level 8 in Unarmed Combat
 11010 | D:11     | Reached XP level 12. HP: 115/115 MP: 14/14
 11147 | D:11     | Noticed an ettin
 11147 | D:11     | Noticed a stone giant
 11274 | D:11     | Reached skill level 5 in Invocations
 11486 | D:11     | Noticed an ettin
 11497 | D:11     | Killed an ettin
 11713 | D:11     | Noticed a five-headed hydra
 11731 | D:11     | Killed a five-headed hydra
 11993 | D:11     | Noticed a two-headed ogre
 12004 | D:11     | Killed a two-headed ogre
 12005 | D:11     | Reached skill level 9 in Unarmed Combat
 12264 | D:11     | Killed a stone giant
 12443 | D:11     | Identified the +5 glaive "Avil Ija" {freeze, rC++ Str+3}
 12694 | D:12     | Noticed a boulder beetle
 13121 | D:11     | Mangled by an ettin

Illustrated notes

Levels and vault maps discovered:
D:1:      dpeg_arrival_oval, layout_basic
D:2:      layout_loops_corners
D:3:      layout_loops_ring, gammafunk_ghost_icy, fountainhead, uniq_terence
D:4:      layout_layer_cave, minmay_misc_feat_room, grunt_decor_fettered
D:5:      layout_rooms, old_standard_altar, minmay_temple_entry_antechambers,
          minivault_23, minmay_misc_feat_columns, kennysheep_generic_room_15
D:6:      layout_rooms, serial_corexii_hall, corexii_hall_statues_x,
          chequers_hall_statues_y, corexii_hall_statues_l, uniq_maggie
D:7:      layout_gridville
D:8:      layout_basic, serial_bayou_pond_a, chequers_serial_rivers_micro_e
D:9:      layout_loops_ring, led_sif_book, lemuel_tele_altar, special_room
          [special_room_orc], gammafunk_ghost_hydra_chop
D:10:     layout_basic, tso_oasis_becter, serial_ice, serial_ice_f,
          serial_ice_i, serial_ice_c, serial_ice_d, serial_ice_e, serial_ice_n,
          uniq_gastronok, uniq_joseph, uniq_erolcha
D:11:     giant_chief_lemuel, layout_basic, erik_lair_orcish_takeover,
          serial_bayou, serial_bayou_pond_e, serial_bayou_crossing,
          serial_bayou_ford_a, serial_bayou_pond_e
D:12:     layout_cave_pools, erik_orc_1, special_room [special_room_orc]

Skill      XL: |  1  2  3  4  5  6  7  8  9 10 11 12 |
---------------+-------------------------------------+-----
Throwing       | 2 3 4 5 6 7 |  7.0
Fighting       | 2 3 4 5 6 7 |  7.6
Armour         | 1 2 3 4 5 6 |  6.0
Dodging        | 3 4 5 6 7 8 |  8.0
Maces & Flails | 1 2 3 4 5 6 7 |  7.8
Unarmed Combat | 4 5 6 7 8 9 |  9.4
Invocations    | 1 2 3 4 6 |  6.3
Evocations     | 1 2 3 |  3.0

Action                     |  1- 3 |  4- 6 |  7- 9 | 10-12 || total
---------------------------+-------+-------+-------+-------++-------
  Melee: Unarmed           |   109 |   191 |   338 |   409 ||  1047
         Punch             |       |     4 |     9 |    24 ||    37
         Dire flail        |       |       |       |    11 ||    11
  Throw: Stone             |     5 |     3 |       |       ||     8
         Boomerang         |       |       |    32 |   114 ||   146
         Dart              |       |       |       |    29 ||    29
         Javelin           |       |       |       |    12 ||    12
         Throwing net      |       |       |       |     3 ||     3
 Invoke: Line Pass         |       |       |       |     1 ||     1
  Evoke: Wand              |       |       |     2 |    16 ||    18
    Use: Scroll            |       |    12 |     6 |     6 ||    24
         Potion            |       |     1 |     2 |     5 ||     8
   Stab: Sleeping          |     1 |     2 |       |       ||     3
         Paralysed         |       |       |    10 |    24 ||    34
         Distracted        |       |       |       |     1 ||     1
         Invisible         |       |       |       |     2 ||     2
 Armour: Robe              |    47 |    78 |    23 |       ||   148
         Acid dragon scale |       |       |   110 |   160 ||   270
  Dodge: Dodged            |    46 |    92 |   152 |   202 ||   492
  Block: Other             |       |    14 |    81 |   104 ||   199
         Reflection        |       |     1 |     3 |     9 ||    13

Table legend: (Time is in decaauts)
 A = Elapsed time spent in this place.
 B = Non-inter-level travel time spent in this place.
 C = Inter-level travel time spent in this place.
 D = Time resting spent in this place.
 E = Time spent auto-exploring this place.
 F = Levels seen in this place.
 G = Mean time per level.
                   A        B        C        D        E       F      G
               +--------+--------+--------+--------+--------+-----+--------+
         Total |  13028 |  12241 |    787 |    849 |   8575 |  12 | 1085.7 |
       Dungeon |  13028 |  12241 |    787 |    849 |   8575 |  12 | 1085.7 |
               +--------+--------+--------+--------+--------+-----+--------+

Top non-repeatable levels by time:
    D:11: 2569 daAuts
    D:10: 1741 daAuts
     D:4: 1324 daAuts
     D:9: 1285 daAuts
     D:7: 953 daAuts
     D:2: 933 daAuts
     D:5: 881 daAuts
     D:8: 862 daAuts
     D:1: 829 daAuts
     D:6: 768 daAuts
     D:3: 707 daAuts
    D:12: 170 daAuts
